Map: Ulrena

Players

Togusa - Winner!

  • Race: Terran Terran

Crescendo

  • Race: Zerg Zerg
  • League: Gold

VOD

Have the link to the VOD?

Description

A nice Terran timing which wrecked a very greedy build on my behalf.
Saved it and uploaded it for Terran friends who also want to wreck me.

Time

  • Played on: Nov. 13, 2015, 7:26 p.m.
  • Length: 6:01
Show
View Real Time Build Order
Export as new Build Order

Togusa Terran - Winner!

Build Orders: Liberator Opening, Reaper Expand 

Get SALT Encoding   

  12  0:00  SCV  
  13  0:17  SCV  
  13  0:19  Supply Depot  
  14  0:29  SCV  
  15  0:41  SCV  
  15  0:42  Barracks  
  16  0:48  Refinery  
  16  0:53  SCV  
  17  1:05  SCV  
  18  1:18  SCV  
  19  1:31  Orbital Command  
  19  1:33  Reaper  
  20  1:43  Command Center  
  20  1:55  Supply Depot  
  20  1:57  Refinery  
  20  1:59  SCV  
  21  2:17  Factory  
  21  2:19  SCV  
  22  2:31  Barracks Reactor  
  22  2:32  SCV  
  23  2:42  Supply Depot  
  23  2:44  SCV  
  24  3:09  Orbital Command  
  24  3:11  Factory Tech Lab, Marine x2  
  26  3:18  Starport  
  25  3:23  SCV  
  26  3:29  Marine x2  
  26  3:32  Siege Tank, Barracks  
  31  3:35  SCV x2  
  33  3:48  Bunker  
  33  3:50  Marine x2  
  33  3:54  Starport Tech Lab  
  35  3:58  SCV x2, Liberator  
  37  4:10  Siege Tank  
  37  4:12  Marine x2  
  45  4:21  SCV  
  45  4:22  SCV  
  45  4:23  Supply Depot  
  47  4:26  Marine  
  47  4:30  Marine x2  
  50  4:34  SCV x2  
  52  4:44  Marine  
  53  4:46  SCV x2  
  53  4:47  Marine  
  53  4:48  Marine  
  57  4:55  Siege Tank  
  60  5:02  Marine  
  60  5:05  Marine  
Show
View Real Time Build Order
Export as new Build Order

Crescendo Zerg 

Build Orders: Hatch First 

Get SALT Encoding   

  12  0:01  Drone  
  13  0:10  Drone  
  14  0:17  Overlord  
  14  0:37  Drone x2  
  14  0:38  Drone  
  17  1:06  Drone  
  17  1:07  Drone  
  17  1:10  Hatchery  
  18  1:15  Spawning Pool  
  17  1:25  Drone x2  
  19  1:35  Drone  
  20  1:45  Drone  
  21  1:50  Hatchery  
  20  1:54  Drone  
  21  2:04  Drone  
  22  2:15  Overlord  
  22  2:23  Queen x2  
  23  2:59  Extractor  
  21  3:21  Drone x3  
  21  3:22  Drone x5  
  21  3:25  Overlord  
  29  3:28  Queen  
  31  3:36  Hatchery  
  31  3:38  Drone  
  31  3:39  Extractor  
  31  3:40  Drone x5  
  35  3:49  Drone x3  
  38  3:59  Roach Warren  
  37  4:28  Overlord x3  
  37  4:29  Overlord  
  37  4:33  Drone x5  
  37  4:36  Drone x3  
  37  4:37  Drone x2  
  47  4:54  Evolution Chamber  
  47  4:56  Evolution Chamber  
  47  4:58  Queen  
  47  5:02  Drone  
  47  5:03  Drone x3  
  51  5:13  Extractor  
  50  5:14  Extractor  
  50  5:15  Drone  
  50  5:16  Drone x2, Extractor  
  50  5:18  Drone x3  
  50  5:19  Drone  
  50  5:20  Drone x2  
  57  5:21  Overlord  
  45  5:36  Roach x4  
Tags
 
Add a new tag
Caveats
  • Supply blocks, unpowered buildings, or Contaminate may cause inaccurate times.
  • Supply counts are checked every 10 seconds.